 Dungeon Crawl Stone Soup version 0.28-a0-1152-g9c71ebef14 (webtiles) character file.

Game seed: 17116637523282586420

193709 karkarkar the Warrior (level 18, -1/164 HPs)
             Began as a Formicid Fighter on Dec 14, 2021.
             Was an Elder of the Shining One.
             Hit by a silver javelin thrown by a merfolk javelineer (4 damage)
             ... on level 2 of the Shoals on Dec 15, 2021.
             The game lasted 02:47:31 (38202 turns).

karkarkar the Warrior (Formicid Fighter)           Turns: 38202, Time: 02:47:38

Health: -1/164     AC: 32    Str: 29    XL:     18   Next: 97%
Magic:  22/25      EV:  6    Int: 18    God:    the Shining One [****..]
Gold:   3199       SH: 31    Dex:  5    Spells: 17/17 levels left

rFire   + . .      SeeInvis +   E - +2 battleaxe (vorpal)
rCold   . . .      Faith    .   K - +0 tower shield {rF+}
rNeg    + + .      Spirit   .   D - +8 orange crystal plate armour {Archmagi, Int+3 Clar}
rPois   +          Reflect  +   (helmet unavailable)
rElec   .          Harm     .   o - +0 cloak
rCorr   .          Rampage  +   N - +0 pair of gloves
Will    ++...      Archmagi +   e - +1 pair of boots {rampage}
Stlth   .......... Clarity  +   T - amulet "Justutu" {Reflect rC+ Str+3 Dex-5 SH+5}
HPRegen 0.37/turn               R - +4 ring of slaying
MPRegen 0.19/turn               d - ring "Nexoxol" {rPois rC- Will+ Int+4}

@: divinely shielded, glowing
A: permanent stasis, dig shafts and tunnels, antennae 3, four strong arms
}: 1/15 runes: serpentine
a: Dig, Shaft Self, Renounce Religion, Divine Shield, Cleansing Flame


You were on level 2 of the Shoals.
You worshipped the Shining One.
The Shining One was greatly pleased with you.
You visited 6 branches of the dungeon, and saw 30 of its levels.
You also visited: Bailey and Gauntlet.

You collected 4729 gold pieces.
You spent 1530 gold pieces at shops.

Inventory:

Hand Weapons
 a - the +7 war axe "Machoruu" {protect, rElec rC+}
   (You found it on level 5 of the Dungeon)

   It grants its wielder temporary protection when it strikes (+7 to AC).
   rC:        It protects you from cold.
   rElec:     It insulates you from electricity.
 b - a +2 dagger of flaming
 E - a +2 vorpal battleaxe (weapon)
Missiles
 j - 2 throwing nets
 k - 7 boomerangs (quivered)
 p - 4 curare-tipped darts
 q - 62 poisoned darts
 w - 3 boomerangs of dispersal
 x - 7 silver javelins
 y - 10 javelins
 J - 4 atropa-tipped darts
Armour
 e - a +1 pair of boots of rampaging (worn)
 o - a +0 cloak (worn)
 B - the +1 pearl dragon scales of the Teacher {rN+ Str+6 Stlth-}
   (You found it in a bailey)

   Str:       It affects your strength (+6).
   rN:        It protects you from negative energy.
   Stlth:     It makes you less stealthy.
 D - the +8 orange crystal plate armour (worn) {Archmagi, Int+3 Clar}
   (You acquired it on level 10 of the Dungeon)

   Int:       It affects your intelligence (+3).
   Clar:      It protects you against confusion.
 K - a +0 tower shield of fire resistance (worn)
 N - a +0 pair of gloves (worn)
 Y - a scarf of repulsion
Jewellery
 d - the ring "Nexoxol" (right hand) {rPois rC- Will+ Int+4}
   (You found it on level 4 of the Dungeon)

   [ring of poison resistance]

   Int:       It affects your intelligence (+4).
   rC:        It makes you vulnerable to cold.
   rPois:     It protects you from poison.
   Will:      It increases your willpower.
 v - a ring of resist corrosion
 z - a ring of protection from cold
 C - the ring "Ohih Bun" {Fire rPois}
   (You found it on level 6 of the Dungeon)

   [ring of fire]

   It enhances your fire magic.
   rF:        It protects you from fire.
   rC:        It makes you vulnerable to cold.
   rPois:     It protects you from poison.
 R - a +4 ring of slaying (left hand)
 T - the amulet "Justutu" (around neck) {Reflect rC+ Str+3 Dex-5 SH+5}
   (You found it in a Gauntlet)

   [amulet of reflection]

   It reflects blocked missile attacks.
   Str:       It affects your strength (+3).
   Dex:       It affects your dexterity (-5).
   rC:        It protects you from cold.
   SH:        It affects your SH (+5).
Wands
 n - a wand of flame (77)
 r - a wand of polymorph (12)
 s - a wand of acid (1)
 G - a wand of iceblast (15)
 H - a wand of digging (4)
 S - a wand of mindburst (8)
 W - a wand of charming (1)
 X - a wand of paralysis (3)
Scrolls
 f - 4 scrolls of fear
 i - 2 scrolls of silence
 m - 3 scrolls of enchant weapon
 u - 4 scrolls of fog
 I - a scroll of acquirement
 L - 4 scrolls of enchant armour
 P - 5 scrolls of identify
 U - 3 scrolls of magic mapping
 V - 2 scrolls of brand weapon
Potions
 c - 7 potions of ambrosia
 g - 3 potions of attraction
 h - 3 potions of cancellation
 l - 4 potions of mutation
 t - 14 potions of curing
 A - 4 potions of heal wounds
 F - 4 potions of flight
 O - 2 potions of magic
 Q - a potion of might


   Skills:
 - Level 20.5 Fighting
 + Level 18.4 Axes
 - Level 14.3 Throwing
 - Level 8.4 Armour
 + Level 2.8 Dodging
 - Level 15.0 Shields
 - Level 10.0 Invocations
 - Level 1.5 Evocations


You had 17 spell levels left.
You didn't know any spells.
Your spell library contained the following spells:

 Spells                   Type           Power      Damage    Failure   Level
 Sublimation of Blood     Necr           0%         N/A       100%        2
 Wereblood                Tmut           0%         N/A       100%        2
 Frozen Ramparts          Ice            0%         1d2       100%        3
 Ozocubu's Armour         Ice            0%         N/A       100%        3
 Ice Form                 Ice/Tmut       0%         N/A       100%        4
 Leda's Liquefaction      Hex/Erth       0%         N/A       100%        4
 Summon Ice Beast         Ice/Summ       0%         N/A       100%        4
 Lee's Rapid Deconstruct  Erth           0%         3d5*      100%        5
 Metabolic Englaciation   Hex/Ice        0%         N/A       100%        5
 Simulacrum               Ice/Necr       0%         N/A       100%        6
 Statue Form              Tmut/Erth      0%         N/A       100%        6
 Ozocubu's Refrigeration  Ice            0%         4d5       100%        7
 Summon Hydra             Summ           0%         N/A       100%        7


Dungeon Overview and Level Annotations

Branches:
Dungeon (15/15)            Temple (1/1) D:4            Lair (6/6) D:8
 Shoals (2/4) Lair:4        Snake (4/4) Lair:4        Slime (0/5) Lair:5
    Orc (2/2) D:10            Elf (0/3) Orc:2        Vaults (0/5) D:13
 Depths (0/4) D:15         Bailey (visited)         Gauntlet (visited)

Altars:
Ashenzari
Cheibriados
Dithmenos
Elyvilon
Fedhas
Gozag
Hepliaklqana
Kikubaaqudgha
Makhleb
Nemelex Xobeh
Okawaru
Qazlal
Ru
Sif Muna
Trog
Uskayaw
Vehumet
Wu Jian
Xom
Yredelemnul
Zin
The Shining One
Beogh
Jiyva

Shops:
D:2 [   D:5 =   D:10 :   Orc:2 *=(*   Shoals:1 *   Snake:1 :   Snake:4 =

Portals:
Trove: D:12 (show slimy rune of Zot)

Annotations:
D:10 1 runed translucent door, croobank's ghost, journeyman OpCj
D:12 1 runed translucent door, leviel's ghost, journeyman HOFi
Shoals:2 Ilsuiw


Innate Abilities, Weirdness & Mutations

You cannot be hasted, slowed, berserked, paralysed or teleported.
You can dig through walls and to a lower floor.
You have a pair of large antennae on your head. (SInv)
Your four strong arms can wield two-handed weapons with a shield.


Message History

The merfolk javelineer throws a silver javelin.
The silver javelin pierces through you but does no damage.
The silver javelin misses Ilsuiw.
Ilsuiw casts a spell.
Press: ? - help, v - describe, . - travel
Here: Ilsuiw, wielding a +1 trident of freezing and wearing a +0 robe (severely wounded, haloed)
The floor, spattered with blood.
Your shield is strengthened by the Shining One's divine power.
The merfolk javelineer throws a silver javelin.
The silver javelin pierces through you.
The silver javelin closely misses Ilsuiw.
You block Ilsuiw's attack.
The merfolk javelineer throws a silver javelin.
The silver javelin pierces through you!
The silver javelin completely misses the water elemental.
You block the water elemental's attack. The water elemental hits you.
The water elemental engulfs you in water!
You extend your mandibles.
You dig through the rock wall.
You slip free of the water engulfing you.
Your lungs strain for air!
Ilsuiw says, "Catch me, touch me, love me, feed me!"
You block Ilsuiw's attack.
The merfolk javelineer throws a silver javelin.
The silver javelin pierces through you!
* * * LOW HITPOINT WARNING * * *
x2 The merfolk javelineer throws a silver javelin.
The silver javelin pierces through you.
* * * LOW HITPOINT WARNING * * *
x2 The water elemental hits you!
* * * LOW HITPOINT WARNING * * *
You block the merfolk's attack.
You retract your mandibles.
You slip free of the water engulfing you.
You gasp with relief as air once again reaches your lungs.
You block Ilsuiw's attack.
The merfolk javelineer throws a silver javelin.
The silver javelin pierces through you!
* * * LOW HITPOINT WARNING * * *
You die...

##..≈...<....≈...≈≈.≈≈≈≈≈≈≈≈≈..≈≈
...≈≈.......≈≈≈≈≈....≈.....≈....≈
.......##.)≈≈≈≈≈≈............≈...
.....)^#..≈≈≈≈≈≈.............≈≈≈.
...≈......≈≈≈≈≈...###.?..<....≈..
≈≈.≈≈....≈≈≈≈....##..............
≈...≈≈≈≈≈≈≈≈≈...........≈........
≈..≈≈.≈≈≈≈≈≈≈..E...........≈≈....
≈≈≈≈≈≈≈≈≈≈≈≈≈≈Em@#....#.....≈≈##.
≈≈≈≈≈≈≈.≈≈≈≈≈.E.###..###.......##
≈≈≈≈≈≈≈≈≈≈≈≈≈≈)## #.####.##....(.
≈≈≈≈≈≈≈≈≈≈≈≈≈≈m## #....[####.....
≈≈≈≈mm≈..# #.....# ###...
≈≈≈≈≈≈≈..# #.##### ##...
≈≈≈≈≈≈≈..# #.# ####...#
≈≈≈≈≈≈≈.## ### #.....##
≈≈≈≈≈.≈..## #...###


You could see Ilsuiw, 2 merfolk javelineers, a merfolk and 3 water elementals.

Vanquished Creatures
  Rupert (D:15)
  2 quicksilver dragons (Snake:4)
  Asterion (Snake:4)
  Agnes (D:15)
  Kirke (D:13)
  Roxanne (D:14)
  3 nagarajas (Snake:4)
  Aizul (Snake:4)
  A minotaur (Gauntlet)
  A merfolk impaler (Shoals:1)
  A boulder beetle (D:13)
  An ogre mage (D:15)
  Josephine (D:12)
  13 hydras
  An alligator snapping turtle (Shoals:2)
  5 salamander tyrants (Snake:4)
  6 naga warriors
  5 anacondas
  4 centaur warriors
  7 catoblepae
  7 two-headed ogres
  A death knight (D:12)
  2 tengu warriors
  9 death yaks
  5 orc high priests (Orc:2)
  6 shock serpents
  A titan zombie (D:15)
  18 naga sharpshooters
  2 salamander mystics
  A fire crab (Lair:2)
  6 skeletal warriors
  5 naga ritualists
  A sea snake (Shoals:1)
  A flayed ghost (D:15)
  5 harpies (Shoals:2)
  A wizard (D:14)
  A harpy (shapeshifter) (D:13)
  Pikel (D:7)
  2 deep elf pyromancers
  A necromancer (D:15)
  3 orc sorcerers
  8 orc knights
  2 fauns (Shoals:2)
  An ugly thing (D:13)
  11 mana vipers
  22 salamanders
  7 manticores
  A cyclops (Orc:1)
  Maurice (D:10)
  41 black mambas
  2 fire giant skeletons (D:15)
  4 merfolk sirens (Shoals:2)
  12 elephants
  4 guardian serpents
  A torpor snail (Gauntlet)
  11 naga magi
  An eye of devastation (shapeshifter) (D:13)
  A gargoyle (D:12)
  3 unseen horrors
  An eye of devastation (Gauntlet)
  13 cane toads
  A freezing wraith (D:12)
  3 rime drakes
  A kobold demonologist (D:10)
  7 komodo dragons
  4 merfolk
  5 tengu conjurers
  A guardian mummy (D:15)
  A queen bee (Lair:1)
  6 trolls
  A polar bear (Lair:5)
  5 hornets
  A wind drake (Shoals:2)
  15 blink frogs
  A tyrant leech (Gauntlet)
  6 dream sheep (Lair:6)
  Grinder (D:6)
  A snapping turtle (Shoals:1)
  3 slime creatures (D:13)
  9 wraiths
  2 shadows
  A tarantella (shapeshifter) (D:13)
  43 yaks
  5 wyverns
  4 fire bats (Lair:3)
  2 water elementals (Shoals:2)
  A golden eye (Gauntlet)
  2 basilisks
  3 hogs (D:13)
  15 vampire mosquitoes
  4 swamp worms (Gauntlet)
  A tengu zombie (D:15)
  Edmund (D:5)
  41 nagas
  A warg (Orc:1)
  Menkaure (D:4)
  A floating eye (Gauntlet)
  17 water moccasins
  6 ice beasts
  4 black bears
  A sky beast (D:8)
  41 orc warriors
  2 necrophages
  The ghost of spaghetti the Bolt Thrower, an amateur DDHu (D:6)
  11 ogres
  33 wolves
  12 centaurs
  A kobold brigand (D:8)
  A rime drake zombie (D:9)
  Blork the orc (D:6)
  26 bullfrogs
  A gnoll sergeant (D:11)
  4 scorpions
  4 water moccasin skeletons
  A wyvern skeleton (D:7)
  32 killer bees
  2 howler monkeys
  6 wights
  2 electric eels (Lair:3)
  5 lava snakes (Snake:2)
  2 wyvern simulacra (D:6)
  2 centaur zombies
  4 crimson imps (D:6)
  3 hounds
  27 orc priests
  2 jellies
  Crazy Yiuf (D:3)
  A gnoll shaman (D:8)
  A centaur skeleton (D:5)
  5 iguanas
  21 orc wizards
  5 hell rats (Lair:6)
  A centaur simulacrum (D:6)
  A hound zombie (D:4)
  Robin (D:2)
  10 gnolls
  11 adders
  A howler monkey skeleton (D:7)
  A shadow imp (D:7)
  5 white imps
  An ufetubus (D:7)
  2 dart slugs
  86 orcs
  5 bats
  9 endoplasms
  2 giant cockroaches
  24 goblins
  11 hobgoblins
  2 jackals (D:1)
  2 quokkas
  12 ball pythons
  6 frilled lizards
  17 kobolds
  5 rats
  A spectral hobgoblin (D:1)
  2 bushes (Lair:3)
989 creatures vanquished.

Vanquished Creatures (collateral kills)
  Frances (D:12)
  A nagaraja (Snake:4)
  A naga warrior (Snake:4)
  A two-headed ogre (D:12)
  A shock serpent (Snake:4)
  A naga sharpshooter (Snake:1)
  A mana viper (Snake:4)
  A wraith (D:12)
  A vampire mosquito (D:15)
  3 nagas
12 creatures vanquished.

Vanquished Creatures (others)
  A naga (Snake:3)
  A centaur (D:13)
  8 bushes (Lair:3)
  80 fungi
  111 plants
  A withered plant (D:15)
202 creatures vanquished.

Grand Total: 1203 creatures vanquished

Notes
Turn   | Place    | Note
-------+----------+-------------------------------------------
     0 | D:1      | karkarkar the Formicid Fighter began the quest for the Orb.
     0 | D:1      | Reached XP level 1. HP: 18/18 MP: 1/1
    90 | D:1      | Found a faded altar of an unknown god.
   543 | D:1      | Reached XP level 2. HP: 24/24 MP: 2/2
   819 | D:1      | Reached XP level 3. HP: 29/29 MP: 3/3
  1310 | D:2      | Found Huntis's Antique Armour Emporium.
  1404 | D:2      | Reached XP level 4. HP: 37/37 MP: 4/4
  1625 | D:2      | Noticed Robin
  1649 | D:2      | Killed Robin
  2085 | D:3      | Reached XP level 5. HP: 42/42 MP: 5/5
  2152 | D:3      | Identified a scroll of acquirement
  2152 | D:3      | Acquired 1109 gold pieces
  2204 | D:3      | Reached XP level 6. HP: 42/48 MP: 6/6
  2253 | D:2      | Bought a shiny plate armour for 572 gold pieces
  2400 | D:3      | Reached skill level 4 in Fighting
  2400 | D:3      | Reached skill level 5 in Axes
  2914 | D:3      | Found a runed translucent door.
  2915 | D:3      | Noticed Crazy Yiuf
  2927 | D:3      | Killed Crazy Yiuf
  3162 | D:4      | Noticed a black bear
  3170 | D:4      | Reached XP level 7. HP: 54/54 MP: 7/7
  3185 | D:4      | Reached skill level 5 in Armour
  3393 | D:4      | You fall into a shaft and drop 3 floors!
  3637 | D:7      | Noticed Pikel
  3658 | D:7      | Killed Pikel
  3659 | D:7      | Reached skill level 5 in Fighting
  3659 | D:7      | Reached XP level 8. HP: 17/64 MP: 8/8
  4137 | D:6      | Noticed Grinder
  4141 | D:5      | Entered Level 5 of the Dungeon
  4188 | D:5      | Found a shimmering blue altar of Sif Muna.
  4203 | D:5      | Reached skill level 6 in Fighting
  4483 | D:4      | Found a transporter.
  4489 | D:4      | Found a transporter.
  4493 | D:4      | Noticed Menkaure
  4493 | D:4      | Found an ancient bone altar of Kikubaaqudgha.
  4493 | D:4      | Found a basalt altar of Yredelemnul.
  4507 | D:4      | Killed Menkaure
  4508 | D:4      | Reached skill level 1 in Evocations
  4508 | D:4      | Reached XP level 9. HP: 26/69 MP: 9/9
  4533 | D:4      | Identified the ring "Nexoxol" {rPois rC- Will+ Int+4}
  4740 | D:4      | Reached skill level 1 in Throwing
  4939 | D:4      | Found a staircase to the Ecumenical Temple.
  4945 | Temple   | Entered the Ecumenical Temple
  5034 | Temple   | Became a worshipper of the Shining One
  5272 | D:5      | Found Coikaog's Jewellery Shoppe.
  5489 | D:5      | Identified the +7 war axe "Machoruu" {protect, rElec rC+}
  5994 | D:6      | Noticed Edmund
  6004 | D:5      | Killed Edmund
  6005 | D:5      | Reached skill level 7 in Fighting
  6151 | D:6      | Found a runed translucent gate.
  6151 | D:6      | Found a runed translucent gate.
  6151 | D:6      | Found a runed translucent gate.
  6211 | D:6      | Noticed spaghetti's ghost (amateur DDHu)
  6242 | D:6      | Noticed Blork the orc
  6248 | D:6      | Killed Blork the orc
  6311 | D:6      | Found a shimmering altar of Xom.
  6331 | D:6      | Reached * piety under the Shining One
  6710 | D:6      | Killed Grinder
  6711 | D:6      | Reached XP level 10. HP: 75/80 MP: 10/10
  6714 | D:6      | Killed spaghetti's ghost
  6815 | D:6      | Reached skill level 8 in Fighting
  7139 | D:6      | Got the ring "Ohih Bun" {Fire rPois}
  7498 | D:7      | Found a sacrificial altar of Ru.
  7877 | D:7      | Reached skill level 10 in Axes
  8146 | D:7      | Reached ** piety under the Shining One
  8165 | D:7      | Reached skill level 9 in Fighting
  8956 | D:8      | Reached XP level 11. HP: 87/89 MP: 11/11
  9043 | D:8      | Found a staircase to the Lair.
  9462 | D:9      | Reached skill level 10 in Fighting
  9911 | D:9      | Found an iron altar of Okawaru.
 10144 | D:10     | Entered Level 10 of the Dungeon
 10168 | D:10     | Acquired a manual of Throwing
 10328 | D:10     | Reached *** piety under the Shining One
 10688 | D:10     | Found a flagged portal.
 10711 | Bailey   | Entered a bailey
 11412 | Bailey   | Reached skill level 5 in Shields
 11831 | Bailey   | Identified the +1 pearl dragon scales of the Teacher {rN+
                  | Str+6 Stlth-}
 12363 | D:10     | Acquired the +8 orange crystal plate armour {Archmagi,
                  | Int+3 Clar}
 12363 | D:10     | Found the +8 orange crystal plate armour {Archmagi, Int+3
                  | Clar}
 12392 | D:10     | Noticed Maurice
 12408 | D:10     | Killed Maurice
 12409 | D:10     | Reached skill level 5 in Throwing
 12522 | D:10     | Noticed a catoblepas
 12541 | D:10     | Killed a catoblepas
 12542 | D:10     | Reached skill level 11 in Fighting
 12542 | D:10     | Reached XP level 12. HP: 73/100 MP: 9/12
 12751 | D:10     | Found Xuihoq's Book Emporium.
 12801 | D:10     | Noticed a two-headed ogre
 12815 | D:10     | Killed a two-headed ogre
 12953 | D:10     | Found a runed translucent door.
 12955 | D:10     | Noticed croobank's ghost (journeyman OpCj)
 12956 | D:10     | Identified the +3 trident "Cehyn" {flame, rF+ rC+ Str+3}
 12986 | D:10     | Found a staircase to the Orcish Mines.
 13556 | Lair:1   | Entered Level 1 of the Lair of Beasts
 13583 | Lair:1   | Noticed a six-headed hydra
 13841 | D:8      | Killed a 12-headed hydra
 14130 | Lair:1   | Noticed a five-headed hydra
 14138 | Lair:1   | Killed a five-headed hydra
 14139 | Lair:1   | Reached skill level 10 in Throwing
 14285 | Lair:1   | Reached skill level 1 in Invocations
 14317 | Lair:1   | Noticed an eight-headed hydra
 14322 | Lair:1   | Killed an eight-headed hydra
 14496 | Lair:1   | Reached skill level 12 in Fighting
 14544 | Lair:1   | Reached XP level 13. HP: 108/108 MP: 14/14
 15453 | Lair:2   | Reached **** piety under the Shining One
 15818 | Lair:2   | Identified the +0 robe "Bohaoryes" {MP-9 Str+7 SInv
                  | Archmagi}
 16752 | Lair:3   | Noticed an eight-headed hydra
 16761 | Lair:3   | Reached skill level 5 in Invocations
 16780 | Lair:2   | Killed an eight-headed hydra
 17618 | Lair:4   | Found a staircase to the Snake Pit.
 17776 | Lair:4   | Found a staircase to the Shoals.
 17807 | Lair:4   | Reached XP level 14. HP: 108/116 MP: 18/18
 18043 | Lair:4   | Reached skill level 13 in Fighting
 18656 | Lair:4   | Reached skill level 10 in Shields
 19469 | Lair:5   | Reached skill level 15 in Axes
 19544 | Lair:5   | Found a viscous altar of Jiyva.
 19544 | Lair:5   | Found a staircase to the Slime Pits.
 20196 | Lair:6   | Entered Level 6 of the Lair of Beasts
 21222 | Lair:6   | Reached ***** piety under the Shining One
 21280 | Lair:6   | Reached XP level 15. HP: 112/125 MP: 20/20
 22750 | Lair:6   | Reached skill level 14 in Fighting
 23104 | Orc:1    | Entered Level 1 of the Orcish Mines
 23651 | Orc:2    | Entered Level 2 of the Orcish Mines
 24283 | Orc:2    | Found Biafies's Assorted Antiques.
 24295 | Orc:2    | Bought a scroll of identify for 72 gold pieces
 24295 | Orc:2    | Bought a scroll of enchant armour for 270 gold pieces
 24295 | Orc:2    | Bought a potion of heal wounds for 180 gold pieces
 25412 | Orc:2    | Found a staircase to the Elven Halls.
 25700 | Orc:2    | Found Fuan's Assorted Antiques.
 25701 | Orc:2    | Found Mariroa's Jewellery Shoppe.
 25701 | Orc:2    | Found Oxiliz's Antique Armour Emporium.
 25702 | Orc:2    | Found Busu's Weapon Shoppe.
 25712 | Orc:2    | Bought a potion of curing for 96 gold pieces
 25712 | Orc:2    | Bought a wand of flame (12) for 32 gold pieces
 25712 | Orc:2    | Bought a tapered bone wand for 128 gold pieces
 25977 | Orc:2    | Bought a copper wand for 144 gold pieces
 26077 | Orc:2    | Bought a scroll labelled GEKIUM QIOC for 36 gold pieces
 26106 | Orc:1    | Acquired a +0 tower shield of fire resistance
 26270 | D:11     | Reached skill level 10 in Invocations
 26320 | D:11     | Found a gate leading to a gauntlet.
 26379 | Gauntlet | Entered a Gauntlet
 26379 | Gauntlet | Found a transporter.
 26379 | Gauntlet | Found a transporter.
 26379 | Gauntlet | Found a runed translucent door.
 26379 | Gauntlet | Found a runed translucent door.
 26398 | Gauntlet | Found a transporter.
 26401 | Gauntlet | Found a transporter.
 26408 | Gauntlet | Found a runed translucent door.
 26411 | Gauntlet | Found a transporter.
 26413 | Gauntlet | Found a transporter.
 26421 | Gauntlet | Found a transporter.
 26438 | Gauntlet | Found a transporter.
 26453 | Gauntlet | Found a transporter.
 26457 | Gauntlet | Found a transporter.
 26465 | Gauntlet | Found a transporter.
 26469 | Gauntlet | Found a transporter.
 26676 | Gauntlet | Identified the amulet "Justutu" {Reflect rC+ Str+3 Dex-5
                  | SH+5}
 26806 | Gauntlet | Found the +8 whip "Snakebite" {venom, curare, rPois}
 26814 | Gauntlet | Identified the +0 leather armour of Bellicose Lucidity {rN+
                  | Str+4}
 27053 | D:11     | Reached XP level 16. HP: 134/134 MP: 23/23
 27727 | D:12     | Noticed Josephine
 27729 | D:12     | Reached skill level 15 in Fighting
 27741 | D:12     | Killed Josephine
 27814 | D:12     | Found a runed translucent door.
 27844 | D:12     | Found a glowing silver altar of Zin.
 27894 | D:12     | Noticed leviel's ghost (journeyman HOFi)
 27917 | D:12     | Noticed Frances
 27924 | D:12     | Killed Frances
 28171 | D:12     | Found a portal to a secret trove of treasure.
 28630 | D:13     | Noticed Kirke
 28636 | D:13     | Noticed a sphinx
 28643 | D:13     | Killed Kirke
 29063 | D:13     | Found a gate to the Vaults.
 29786 | D:14     | Found a frozen archway.
 29831 | D:14     | Noticed Roxanne
 29848 | D:14     | Killed Roxanne
 30049 | D:15     | Entered Level 15 of the Dungeon
 30067 | D:15     | Reached skill level 16 in Fighting
 30264 | D:15     | Reached skill level 15 in Shields
 30327 | D:15     | Reached ****** piety under the Shining One
 30336 | D:15     | Found a staircase to the Depths.
 30362 | D:15     | Noticed Agnes
 30377 | D:15     | Killed Agnes
 30434 | D:15     | Noticed Rupert
 30443 | D:15     | Killed Rupert
 30444 | D:15     | Reached XP level 17. HP: 146/146 MP: 13/24
 30903 | Snake:1  | Entered Level 1 of the Snake Pit
 30923 | Snake:1  | Reached skill level 17 in Fighting
 31661 | Snake:1  | Found Kapus's Book Shop.
 31883 | Snake:1  | Reached skill level 18 in Fighting
 33340 | Snake:2  | Reached skill level 19 in Fighting
 34392 | Snake:3  | Reached XP level 18. HP: 160/160 MP: 25/25
 35101 | Snake:4  | Entered Level 4 of the Snake Pit
 35304 | Snake:4  | Noticed Asterion
 35305 | Snake:4  | Noticed an Executioner
 35309 | Snake:4  | Killed Asterion
 35310 | Snake:4  | Found Hyemoeneray's Jewellery Shoppe.
 35578 | Snake:4  | Noticed a quicksilver dragon
 35579 | Snake:4  | Noticed a quicksilver dragon
 35584 | Snake:4  | Killed a quicksilver dragon
 35587 | Snake:4  | Reached skill level 20 in Fighting
 35588 | Snake:4  | Killed a quicksilver dragon
 36081 | Snake:4  | Got a serpentine rune of Zot
 36341 | Snake:4  | Noticed Aizul
 36356 | Snake:4  | Killed Aizul
 37166 | Shoals:1 | Entered Level 1 of the Shoals
 37216 | Shoals:1 | Found Hitz's CLEARANCE SALE!.
 37341 | Shoals:1 | Identified the +6 scale mail of Lamou {rN+ Int+3 Dex+3
                  | Stlth+}
 37374 | Shoals:1 | Reached skill level 1 in Dodging
 38191 | Shoals:2 | Noticed Ilsuiw
 38202 | Shoals:2 | HP: 3/164 [merfolk javelineer/silver javelin (14)]
 38202 | Shoals:2 | Hit by a silver javelin thrown by a merfolk javelineer

Illustrated notes

Levels and vault maps discovered:
D:1:      amcnicky_arrival_underground_garden, layout_loops_corners,
          dreamdust_ecumenical_altar_drowned_temple
D:2:      layout_basic, serial_aquarium, aquarium_bridge_straight
          [aquarium_subvault_bridge, aquarium_subvault_wall,
          aquarium_subvault_bridge, aquarium_subvault_window],
          aquarium_window_corner, aquarium_window_fake, aquarium_window_2,
          aquarium_view_2d, serial_shops, shop, uniq_robin
D:3:      layout_basic, uniq_crazy_yiuf_cottage
D:4:      layout_cave_pools, gammafunk_temple_of_torment,
          minmay_temple_entry_enclosed_plants, minmay_circle_x
D:5:      corexii_shack_village, layout_basic, nicolae_sif_muna_condensation,
          serial_shops, shop_fountains
D:6:      layout_layer_cave, led_xom_imps, gammafunk_ghost_icy,
          minmay_strange_pillars, uniq_grinder, uniq_blork_the_orc, uniq_edmund
D:7:      minmay_polygon_palace, layout_cave_pools, general_overflow_altar,
          uniq_pikel
D:8:      layout_gridville, due_lair_maze_entry_diamond
D:9:      layout_rooms, okawaru_altar_gauntlet_db
D:10:     layout_loops_corners, david_orc_3, ebering_ghost_funeral_grove,
          serial_shops, nicolae_shop_advertising_works
          [nicolae_subvault_shop_adworks], enter_bailey_5,
          hangedman_decor_lopped, lightli_fourway_metalbox, uniq_maurice
D:11:     layout_long_grid, gauntlet_entry_generic
D:12:     layout_gridville, hellmonk_ghost_big_iron, enter_trove_2, zin_angel,
          uniq_josephine, uniq_frances
D:13:     layout_small_grid, david_vaults_2, uniq_kirke
D:14:     layout_basic, portal_ice_cave_entry_pillars_1,
          hangedman_decor_cross_pass, minmay_misc_feat_secret_circle,
          grunt_ministairs_10, uniq_roxanne
D:15:     gammafunk_depths_entry_grave, layout_cave_pools, uniq_agnes,
          uniq_rupert
Temple:   nicolae_temple_elliptical
Lair:1:   wander_river, layout_long_grid, special_room [special_room_bee],
          grunt_megastairs_5, lemuel_fruit_tree, lemuel_fruit_fields
Lair:2:   layout_concentric_octagons
Lair:3:   layout_gridlike, serial_bayou, serial_bayou_shore_a,
          serial_bayou_ford_a, serial_bayou_pond_c, serial_bayou_pond_e,
          st_stairs_3, fungi_pond_lemuel, minmay_hedge_maze
Lair:4:   cheibrodos_lair_overgrown_chateau, layout_gridlike,
          elwin_shoals_entry_rocks, guppyfry_snake_entry_island
Lair:5:   layout_regular_city, dpeg_slime_entry_enclosed_altar,
          columned_hall_lemuel
Lair:6:   evilmike_catoblepas_cave, layout_long_grid,
          grunt_forest_small_clearing_treed
Shoals:1: layout_shoals, nicolae_shop_clearance
Shoals:2: layout_shoals, uniq_ilsuiw
Snake:1:  layout_cave_pods, minmay_shop_star
Snake:2:  layout_basic, grunt_megastairs_1
Snake:3:  layout_rooms
Snake:4:  hellmonk_snake_rune_quicksilver_temple, layout_chambers, serial_shops,
          nicolae_shop_trees, st_stairs_8, grunt_ministairs_1, uniq_asterion,
          uniq_aizul
Orc:1:    layout_diamond_mine
Orc:2:    st_orc_pillars, layout_caves, basic_altar, serial_shops, shop

Skill      XL: |  1  2  3  4  5  6  7  8  9 10 11 12 13 14 15 16 17 18 |
---------------+-------------------------------------------------------+-----
Axes           | 3 4 5 6 8 11 12 14 15 16 18 | 18.4
Armour         | 4 6 7 8 |  8.4
Fighting       | 4 5 6 7 9 11 12 13 14 16 19 20 | 20.5
Evocations     | 1 |  1.5
Throwing       | 1 6 10 12 13 14 | 14.3
Shields        | 6 8 9 11 15 | 15.0
Invocations    | 2 5 7 10 | 10.0
Dodging        | 2 |  2.8

Action                   |  1- 3 |  4- 6 |  7- 9 | 10-12 | 13-15 | 16-18 || total
-------------------------+-------+-------+-------+-------+-------+-------++-------
Melee: War axe           |    88 |    42 |    44 |   502 |   865 |       ||  1541
       Spear             |       |   131 |   165 |       |       |       ||   296
       Dagger            |       |       |       |     9 |       |       ||     9
       Battleaxe         |       |       |       |       |   100 |   677 ||   777
Throw: Dart              |       |       |    15 |    66 |     8 |     8 ||    97
       Javelin           |       |       |     4 |    26 |    44 |    34 ||   108
       Boomerang         |       |       |       |    62 |    74 |   214 ||   350
Invok: Divine Shield     |       |       |       |     9 |    21 |    23 ||    53
       Summon Divine War |       |       |       |       |       |     7 ||     7
 Abil: Dig               |     4 |     5 |     8 |    10 |    19 |    16 ||    62
Evoke: Wand              |       |     3 |     8 |    28 |     4 |     2 ||    45
  Use: Scroll            |     3 |     2 |     8 |     6 |    10 |     4 ||    33
       Potion            |       |     2 |     4 |     1 |     3 |     4 ||    14
Armor: Scale mail        |    54 |       |       |       |       |       ||    54
       Chain mail        |    18 |    36 |       |       |       |       ||    54
       Plate armour      |       |    28 |   145 |   250 |       |       ||   423
       Crystal plate arm |       |       |       |   240 |   533 |   266 ||  1039
       Pearl dragon scal |       |       |       |     4 |       |       ||     4
Dodge: Dodged            |    57 |    46 |    59 |   150 |    86 |    63 ||   461
Block: Buckler           |    30 |    35 |    37 |    54 |       |       ||   156
       Kite shield       |       |       |       |   207 |   529 |       ||   736
       Reflection        |       |       |       |       |    17 |   113 ||   130
       Tower shield      |       |       |       |       |    60 |   750 ||   810

Table legend: (Time is in decaauts)
 A = Elapsed time spent in this place.
 B = Non-inter-level travel time spent in this place.
 C = Inter-level travel time spent in this place.
 D = Time resting spent in this place.
 E = Time spent auto-exploring this place.
 F = Levels seen in this place.
 G = Mean time per level.
                   A        B        C        D        E       F      G
               +--------+--------+--------+--------+--------+-----+--------+
         Total |  38070 |  36010 |   2060 |   5717 |  18002 |  32 | 1189.7 |
       Dungeon |  16641 |  15395 |   1246 |   2327 |   8169 |  15 | 1109.4 |
        Temple |    119 |     89 |     30 |      0 |     69 |   1 |  119.0 |
          Lair |   9295 |   8858 |    437 |   1963 |   4125 |   6 | 1549.2 |
        Shoals |   1044 |   1044 |      0 |      2 |    826 |   2 |  522.0 |
     Snake Pit |   5885 |   5725 |    160 |    733 |   3145 |   4 | 1471.2 |
  Orcish Mines |   2950 |   2765 |    185 |    312 |    960 |   2 | 1475.0 |
        Bailey |   1694 |   1694 |      0 |    380 |    535 |   1 | 1694.0 |
      Gauntlet |    438 |    438 |      0 |      0 |    171 |   1 |  438.0 |
               +--------+--------+--------+--------+--------+-----+--------+

Top non-repeatable levels by time:
   Orc:2: 2123 daAuts
  Lair:5: 1983 daAuts
 Snake:4: 1960 daAuts
  Lair:4: 1861 daAuts
  Lair:6: 1791 daAuts
 Snake:2: 1752 daAuts
  Bailey: 1694 daAuts
     D:7: 1613 daAuts
    D:10: 1546 daAuts
  Lair:3: 1501 daAuts
     D:6: 1442 daAuts
     D:8: 1417 daAuts
     D:1: 1278 daAuts
     D:9: 1274 daAuts
  Lair:2: 1249 daAuts
